 Dungeon Crawl Stone Soup version 0.19.0-2-gae57169 (console) character file.

5040 Kloppie the Fighter (level 10, -8/124 HPs)
             Began as a Demonspawn Berserker on Nov 6, 2016.
             Was an Elder of Trog.
             Mangled by an orc
             ... wielding a +0 halberd
              (11 damage)
             ... in a bailey.
             The game lasted 00:11:07 (6162 turns).

Kloppie the Fighter (Demonspawn Berserker)          Turns: 6162, Time: 00:11:07

Health: -8/124     AC: 18    Str: 23    XL:     10   Next: 30%
Magic:  10/10      EV:  8    Int:  9    God:    Trog [****..]
Gold:   369        SH:  0    Dex: 19    Spells: 0 memorised, 9 levels left

rFire  . . .     SeeInvis .     a - +0 falchion
rCold  . . .     Gourm    .     h - +0 plate armour
rNeg   . . .     Faith    .     (no shield)
rPois  .         Spirit   .     t - +1 hat
rElec  .         Reflect  .     (no cloak)
rCorr  .         Harm     .     K - +2 pair of gloves
MR     +++..                    (no boots)
Stlth  ..........               (no amulet)
                                v - ring of protection from magic
                                f - ring of flight

@: mighty, berserking, very slightly contaminated, regenerating, hasted, very
quick
A: claws 2, thin skeletal structure 2, powered by death 1, spiny 3
a: Berserk, Trog's Hand, Brothers in Arms, Burn Spellbooks, Renounce Religion,
Evoke Flight


You were in a bailey.
You worshipped Trog.
Trog was greatly pleased with you.
You were not hungry.

You visited 1 branch of the dungeon, and saw 7 of its levels.
You also visited: Bailey.

You collected 449 gold pieces.
You spent 80 gold pieces at shops.

Inventory:

Hand Weapons
 a - a +0 falchion (weapon)
Armour
 h - a +0 plate armour (worn)
 t - a +1 hat (worn)
 K - a +2 pair of gloves (worn)
Jewellery
 f - a ring of flight (left hand)
 v - a ring of protection from magic (right hand)
Wands
 D - a wand of flame (39/48)
 I - a wand of flame (27/48)
Scrolls
 l - 2 scrolls of immolation {unknown}
 p - a scroll of enchant armour {unknown}
 q - a scroll of magic mapping {unknown}
 r - 4 scrolls of random uselessness {unknown}
 u - a scroll of fear {unknown}
 w - a scroll of noise {unknown}
 y - 5 scrolls of remove curse
 A - 2 scrolls of amnesia {unknown}
 L - a scroll of recharging {unknown}
Potions
 b - 5 potions of heal wounds
 d - a potion of mutation
 g - a potion of cure mutation
 m - 2 potions of resistance
 n - 7 potions of curing
 s - 2 potions of lignification
 B - 2 potions of might
 E - a potion of brilliance
 F - 2 potions of ambrosia
 G - 2 potions of cancellation {unknown}
 M - a potion of experience {unknown}
 N - a potion of invisibility {unknown}
Books
 e - a book of Changes

   Spells                             Type                      Level
   a - Beastly Appendage              Transmutation                1
   b - Sticks to Snakes               Transmutation                2
   c - Spider Form                    Transmutation/Poison         3
   d - Ice Form                       Ice/Transmutation            4
   e - Blade Hands                    Transmutation                5
   Trog disapproves of the use of such an item.
Comestibles
 c - 3 bread rations
 k - 2 meat rations
 o - 2 slices of pizza
 x - a royal jelly
 z - a beef jerky
 H - 6 chunks of flesh
 J - 29 fruits


   Skills:
 + Level 9.3 Fighting
 + Level 8.6 Long Blades
 + Level 8.4 Armour
 - Level 1.7 Dodging


You had 9 spell levels left.
You didn't know any spells.

Dungeon Overview and Level Annotations

Branches:
Dungeon (9/15)               Lair (0/6) D:9             Orc (0/2) D:9
 Temple: D:4-7

Altars:
Dithmenos

Shops:
D:4 !


Innate Abilities, Weirdness & Mutations

You have very sharp fingernails.
You have a moderately thin skeletal structure. (Dex +4, Stealth+)
You regenerate a little health from kills.
You are completely covered in sharp spines.


Message History

The orc knight hits you with a halberd!!
* * * LOW HITPOINT WARNING * * *
You hit the orc knight.
The orc knight is moderately wounded.
The orc barely misses you. x2; You riposte.
You slash the orc!
You kill the orc!
Trog accepts your kill. The orc barely misses you.
You hit the orc knight.
The orc knight is heavily wounded.
The orc knight barely misses you. The orc is struck by your spines.
You kill the orc!
Trog accepts your kill.
You slash the orc knight!
The orc knight is heavily wounded.
The orc knight is struck by your spines.
The orc knight hits you with a halberd!
* * * LOW HITPOINT WARNING * * *
The orc hits you from afar with a halberd!
You die...

####### #######
##.....#########.....##
#.......#.....#.o)....+
#.))....'.....')@)....+
'.)).!..'.....'.oo....+
#.))....'.....'.ooo...+
#.......#.....#.......+
##.....#########.....##
####### #######


You could see 3 orc knights and 3 orcs.

Vanquished Creatures
  The ghost of Timinator the Carver, a novice MiFi of Uskayaw (Bailey)
  Pikel (D:5)
  Grinder (D:5)
  Prince Ribbit (D:5)
  Sigmund (D:5)
  A wyvern (D:9)
  2 wargs (D:9)
  9 orc warriors
  A black bear (D:9)
  3 ogres
  2 ice beasts
  A phantom (D:5)
  2 centaurs
  A big kobold (D:9)
  2 bullfrogs
  A water moccasin skeleton (D:6)
  3 scorpions
  3 wights (D:6)
  2 crimson imps
  A jelly (D:9)
  6 orc priests
  7 orc wizards
  2 worker ants (D:6)
  A hound zombie (D:9)
  A hound skeleton (D:6)
  A worker ant zombie (D:5)
  4 gnolls (D:5)
  10 adders
  3 shadow imps
  3 adder skeletons (D:4)
  3 worms
  3 dart slugs
  3 leopard geckos
  55 orcs
  6 giant cockroaches
  6 goblins
  5 hobgoblins
  11 jackals
  A quokka (D:9)
  2 ball pythons
  3 bats
  9 frilled lizards
  A jackal zombie (D:6)
  5 kobolds (D:2)
  5 rats
195 creatures vanquished.

Vanquished Creatures (collateral kills)
  An orc (Bailey)
1 creature vanquished.

Grand Total: 196 creatures vanquished

Notes
Turn   | Place    | Note
-------+----------+-------------------------------------------
     0 | D:1      | Kloppie the Demonspawn Berserker began the quest for the Orb.
     0 | D:1      | Reached XP level 1. HP: 18/18 MP: 1/1
   308 | D:1      | Gained mutation: You regenerate a little health from kills. [demonic ancestry]
   308 | D:1      | Reached XP level 2. HP: 23/24 MP: 2/2
   694 | D:2      | Gained mutation: You have a somewhat thin skeletal structure. (Dex +2, Stealth) [demonic ancestry]
   694 | D:2      | Reached XP level 3. HP: 21/29 MP: 3/3
  1095 | D:2      | Gained mutation: You have sharp fingernails. [demonic ancestry]
  1095 | D:2      | Reached XP level 4. HP: 14/36 MP: 4/4
  1107 | D:2      | Reached ** piety under Trog
  2067 | D:3      | Reached skill level 4 in Fighting
  2067 | D:3      | Gained mutation: You have a moderately thin skeletal structure. (Dex +4, Stealth+) [demonic ancestry]
  2067 | D:3      | Reached XP level 5. HP: 41/42 MP: 5/5
  2471 | D:4      | Found Teacla's Distillery.
  2479 | D:4      | Bought a potion of curing for 30 gold pieces
  2479 | D:4      | Bought a potion of heal wounds for 50 gold pieces
  3111 | D:4      | Gained mutation: You are partially covered in sharp spines. [demonic ancestry]
  3111 | D:4      | Reached XP level 6. HP: 49/49 MP: 6/6
  3483 | D:5      | Entered Level 5 of the Dungeon
  3533 | D:5      | Noticed Grinder
  3549 | D:5      | Killed Grinder
  3720 | D:5      | Noticed Prince Ribbit
  3728 | D:5      | Killed Prince Ribbit
  3728 | D:5      | Reached skill level 5 in Fighting
  3728 | D:5      | Reached skill level 5 in Long Blades
  3728 | D:5      | Reached XP level 7. HP: 17/56 MP: 7/7
  3911 | D:5      | Reached *** piety under Trog
  3915 | D:5      | Reached skill level 5 in Armour
  4056 | D:5      | Noticed Pikel
  4086 | D:5      | Killed Pikel
  4086 | D:5      | Reached skill level 6 in Fighting
  4086 | D:5      | Gained mutation: You have very sharp fingernails. [demonic ancestry]
  4086 | D:5      | Reached XP level 8. HP: 65/65 MP: 8/8
  4268 | D:5      | Noticed Sigmund
  4277 | D:5      | Killed Sigmund
  4506 | D:6      | Reached skill level 7 in Fighting
  4633 | D:6      | Gained mutation: You are mostly covered in sharp spines. [demonic ancestry]
  4633 | D:6      | Reached XP level 9. HP: 45/72 MP: 9/9
  4895 | D:6      | Found a shadowy altar of Dithmenos.
  5061 | D:6      | You fall through a shaft for 3 floors!
  5103 | D:9      | Reached **** piety under Trog
  5139 | D:9      | Found a staircase to the Lair.
  5187 | D:9      | Reached skill level 8 in Fighting
  5598 | D:9      | Found a staircase to the Orcish Mines.
  5788 | D:9      | Found a flagged portal.
  5796 | Bailey   | Entered a bailey
  5796 | Bailey   | Noticed Timinator's ghost (novice MiFi)
  5816 | Bailey   | Killed Timinator's ghost
  5816 | Bailey   | Reached skill level 9 in Fighting
  5816 | Bailey   | Gained mutation: You are completely covered in sharp spines. [demonic ancestry]
  5816 | Bailey   | Reached XP level 10. HP: 47/83 MP: 10/10
  6148 | Bailey   | Noticed an orc knight
  6148 | Bailey   | Noticed an orc knight
  6148 | Bailey   | Noticed an orc knight
  6162 | Bailey   | HP: 3/124 [orc knight/halberd (8)]
  6162 | Bailey   | Mangled by an orc

Skill      XL: |  1  2  3  4  5  6  7  8  9 |
---------------+----------------------------+-----
Long Blades    | 3 4 5 6 8 |  8.6
Armour         | 2 3 4 5 6 8 |  8.4
Fighting       | 4 5 6 7 9 |  9.3
Dodging        | |  1.7

Action                   |  1- 3 |  4- 6 |  7- 9 | 10-12 || total
-------------------------+-------+-------+-------+-------++-------
Melee: Falchion          |   137 |   219 |   320 |    53 ||   729
Invok: Berserk           |     2 |     4 |     6 |     2 ||    14
       Trog's Hand       |       |     2 |     2 |     3 ||     7
       Brothers in Arms  |       |       |       |     1 ||     1
  Use: Scroll            |       |     2 |       |     9 ||    11
       Potion            |       |     2 |       |     3 ||     5
  Eat: Chunk             |     2 |    11 |    14 |     3 ||    30
       Royal jelly       |       |     1 |       |       ||     1
       Meat ration       |       |       |       |     1 ||     1
Armor: Plate armour      |   138 |   150 |   196 |   133 ||   617
       Animal skin       |     5 |       |       |       ||     5
Dodge: Dodged            |    62 |    47 |   102 |    89 ||   300
       Rpst.: Falchion   |    16 |    12 |    37 |     8 ||    73
